 Dungeon Crawl Stone Soup version 0.29-a0-383-g8b6f518c11 (webtiles) character file.

Game seed: 12433043809829202723

2816 Bruhh the Carver (level 10, 0/79 HPs)
             Began as a Human Monk on May 6, 2022.
             Was an Elder of Fedhas.
             Slain by a yak (2 damage)
             ... on level 7 of the Dungeon.
             The game lasted 00:14:26 (10131 turns).

Bruhh the Carver (Human Monk)                      Turns: 10131, Time: 00:14:27

Health: 0/79       AC:  6    Str: 11 (12) XL:     10   Next: 2%
Magic:  11/14      EV: 11    Int: 14 (16) God:    Fedhas [****..]
Gold:   369        SH:  5    Dex: 17 (20) Spells: 9/9 levels left

rFire   . . .      SeeInvis .   x - +0 long sword
rCold   . . .      Faith    .   (no shield)
rNeg    . . .      Spirit   .   h - +0 ring mail
rPois   .          Reflect  +   (no helmet)
rElec   .          Harm     .   o - +0 cloak
rCorr   .          Rampage  .   (no gloves)
Will    +....                   (no boots)
Stlth   +.........              d - amulet of reflection
HPRegen 0.23/turn               r - ring of willpower
MPRegen 0.14/turn               F - +6 ring of intelligence

@: on berserk cooldown, attractive, hasted and slowed
A: no striking features
a: Renounce Religion, Wall of Briars, Grow Ballistomycete, Overgrow


You were on level 7 of the Dungeon.
You worshipped Fedhas.
Fedhas was greatly pleased with you.
You visited 1 branch of the dungeon, and saw 8 of its levels.

You collected 369 gold pieces.

Inventory:

Hand Weapons
 a - a +0 falchion
 j - a +2 spear of freezing
 x - a +0 long sword (weapon)
Missiles
 z - 22 poisoned darts (quivered)
 A - 4 curare-tipped darts
Armour
 b - a +0 robe
 f - a +0 leather armour
 h - a +0 ring mail (worn)
 o - a +0 cloak (worn)
 E - +0 steam dragon scales
Jewellery
 d - an amulet of reflection (around neck)
 r - a ring of willpower (left hand)
 s - a ring of positive energy
 F - a +6 ring of intelligence (right hand)
Wands
 y - a wand of mindburst (8)
 B - a wand of paralysis (10)
 D - a wand of iceblast (3)
Scrolls
 c - a scroll of noise {unknown}
 e - 7 scrolls of identify
 g - a scroll of vulnerability {unknown}
 n - 2 scrolls of enchant armour {unknown}
 p - a scroll of amnesia {unknown}
 q - a scroll of immolation {unknown}
 t - a scroll of fog {unknown}
 v - a scroll of magic mapping {unknown}
 C - a scroll of teleportation {unknown}
 H - a scroll of blinking {unknown}
Potions
 i - a potion of curing
 k - a potion of degeneration
 l - 2 potions of brilliance
 m - a potion of attraction
 u - a potion of berserk rage
 I - a potion of resistance {unknown}


   Skills:
 + Level 7.4 Fighting
 - Level 10.0 Long Blades
 - Level 3.0 Dodging
 - Level 2.0 Stealth
 + Level 6.4 Invocations


You had 9 spell levels left.
You didn't know any spells.
Your spell library contained the following spells:

 Spells                   Type           Power      Damage    Failure   Level
 Foxfire                  Conj/Fire      0%         2x1d4     56%         1
 Conjure Flame            Conj/Fire      0%         6-21      91%         3
 Ignite Poison            Fire/Tmut/Pois 0%         N/A       91%         3
 Inner Flame              Hex/Fire       0%         N/A       91%         3
 Mephitic Cloud           Conj/Pois/Air  0%         N/A       91%         3
 Animate Dead             Necr           0%         N/A       100%        4
 Flame Wave               Conj/Fire      0%         2d4       100%        4
 Borgnjor's Vile Clutch   Necr/Erth      0%         N/A       100%        5
 Freezing Cloud           Conj/Ice/Air   0%         6-21      100%        5
 Death Channel            Necr           0%         N/A       100%        6


Dungeon Overview and Level Annotations

Branches:
Dungeon (8/15)             Temple (0/1) D:4
   Lair: D:8-11

Altars:
Fedhas
Trog


Message History

The yak closely misses you.
It was a potion of attraction.
You feel attractive to monsters. The yak barely misses you.
It was a potion of berserk rage.
A red film seems to cover your vision as you go berserk!
You feel yourself moving faster!
You feel mighty! The yak gores you!
* * * LOW HITPOINT WARNING * * *
You feel a strong urge to attack something.
The yak is attracted toward you. x2
You hit the yak.
The yak is almost dead.
You slash the yak!
You kill the yak!
Fedhas appreciates your contribution to the ecosystem.
You have reached level 10!
Okay, then.
You feel a strong urge to attack something.
You are no longer berserk.
You are exhausted.
You feel yourself slow down.
You feel better. The yak gores you.
* * * LOW HITPOINT WARNING * * *
It was a potion of haste.
You feel yourself speed up. The yak gores you but does no damage.
The yak gores you.
* * * LOW HITPOINT WARNING * * *
The yak attacks as you move away! The yak barely misses you.
It was a potion of heal wounds.
You feel much better. The yak gores you!
* * * LOW HITPOINT WARNING * * *
You slash the yak!
The yak is moderately wounded.
You hit the yak but do no damage.
The yak is moderately wounded.
The yak gores you!
* * * LOW HITPOINT WARNING * * *
The yak attacks as you move away! The yak gores you!
* * * LOW HITPOINT WARNING * * *
A briar patch grows up from the ground. x3; The yak gores you.
You die...
Fedhas appreciates your contribution to the ecosystem.

...## #.######..########
.#.#####.# #.........#
....##...# #.........#
#.).##.### ##........#
#......# #........#
#.....##########........#
..P.....................#
..#...##########PP......#
##..#.### #@P......#
#.##...#### #Y########
#.####....## #Y# ##.#
##.#..####.# #..#
#.##....#.# ..##
#))####.#.# .##
##..###.#.# .# ##.##..†.#
.## #.##.##.#


You could see 2 yaks.

Vanquished Creatures
  A two-headed ogre (D:7)
  A wyvern (D:7)
  A yak (D:7)
  A steam dragon (D:7)
  An ogre (D:6)
  A phantom (D:5)
  A centaur (D:7)
  5 bullfrogs
  2 kobold brigands
  3 necrophages
  4 scorpions
  2 orc priests
  7 hounds
  3 jellies
  An iguana (D:5)
  An orc wizard (D:7)
  Natasha (thrice) (D:4)
  Robin (D:2)
  6 gnolls
  7 adders
  A white imp (D:4)
  A worm (D:5)
  A dart slug (D:3)
  11 orcs
  4 endoplasms
  3 giant cockroaches
  20 goblins
  8 hobgoblins
  9 jackals
  A quokka (D:1)
  5 ball pythons
  6 bats
  6 frilled lizards
  12 kobolds
  3 rats
143 creatures vanquished.

Vanquished Creatures (collateral kills)
  A rat (D:3)
  3 ballistomycete spores
4 creatures vanquished.

Vanquished Creatures (others)
  A ballistomycete spore (D:2)
  2 fungi (D:8)
  A plant (D:8)
4 creatures vanquished.

Grand Total: 151 creatures vanquished

Notes
Turn   | Place    | Note
-------+----------+-------------------------------------------
     0 | D:1      | Bruhh the Human Monk began the quest for the Orb.
     0 | D:1      | Reached XP level 1. HP: 18/18 MP: 1/1
    11 | D:1      | Found a faded altar of an unknown god.
    27 | D:1      | Prayed at the altar of an unknown god.
    27 | D:1      | Became a worshipper of Fedhas Madash
    27 | D:1      | Reached * piety under Fedhas
    27 | D:1      | Reached ** piety under Fedhas
   298 | D:1      | Reached XP level 2. HP: 21/24 MP: 2/2
   537 | D:1      | Reached *** piety under Fedhas
   761 | D:2      | Reached skill level 4 in Long Blades
   761 | D:2      | Reached XP level 3. HP: 26/29 MP: 3/3
   843 | D:2      | Reached skill level 1 in Invocations
  1119 | D:2      | Noticed Robin
  1446 | D:2      | Reached XP level 4. HP: 18/35 MP: 3/5
  1742 | D:2      | HP: 1/35 [Robin/+1 short sword of speed (2)]
  1750 | D:2      | Killed Robin
  2256 | D:3      | Noticed a scorpion
  2871 | D:3      | Reached **** piety under Fedhas
  2872 | D:3      | Reached skill level 5 in Long Blades
  2872 | D:3      | Reached XP level 5. HP: 5/41 MP: 6/6
  3517 | D:3      | Reached XP level 6. HP: 47/47 MP: 7/7
  3531 | D:3      | Reached skill level 6 in Long Blades
  4319 | D:4      | Found a staircase to the Ecumenical Temple.
  4456 | D:4      | Noticed Natasha
  4461 | D:4      | Killed Natasha
  4626 | D:4      | Reached skill level 7 in Long Blades
  4626 | D:4      | Reached XP level 7. HP: 41/52 MP: 8/8
  4660 | D:4      | Noticed Natasha
  4677 | D:4      | Killed Natasha
  4878 | D:4      | Noticed Natasha
  4884 | D:4      | Killed Natasha
  5285 | D:5      | Entered Level 5 of the Dungeon
  5508 | D:5      | Reached skill level 8 in Long Blades
  5992 | D:5      | Reached XP level 8. HP: 42/58 MP: 9/9
  6159 | D:5      | You fall into a shaft and drop 1 floor!
  6174 | D:6      | Found a bloodstained altar of Trog.
  6879 | D:6      | Reached skill level 9 in Long Blades
  7667 | D:6      | Reached skill level 10 in Long Blades
  8003 | D:7      | Noticed a two-headed ogre
  8153 | D:7      | Noticed a wyvern
  8167 | D:7      | Killed a wyvern
  8168 | D:7      | Reached XP level 9. HP: 6/66 MP: 10/10
  8704 | D:7      | Reached ***** piety under Fedhas
  8851 | D:7      | Reached skill level 5 in Fighting
  9646 | D:7      | Killed a two-headed ogre
  9647 | D:7      | Reached skill level 5 in Invocations
 10115 | D:7      | HP: 4/108 [yak (13)]
 10119 | D:7      | Reached XP level 10. HP: 5/79 MP: 14/14
 10130 | D:7      | HP: 2/79 [yak (7)]
 10131 | D:7      | Slain by a yak

Illustrated notes

Levels and vault maps discovered:
D:1:      lemuel_arrival_cross, layout_basic,
          chequers_ecumenical_altar_simple_redux
D:2:      layout_basic, uniq_robin
D:3:      layout_loops_ring, dk_vineyard_3, cheibrodos_gnoll_hut
D:4:      layout_loops_ring, minmay_temple_entry_mini_moons,
          minmay_misc_feat_rows, st_stairs_3, uniq_natasha
D:5:      layout_basic, portal_sewer_entry_a
D:6:      layout_basic, nicolae_overflow_crystal_walls,
          hangedman_abyss_or_decor_stagger
D:7:      layout_rooms, minmay_liquid_box
D:8:      layout_loops_cross, grunt_lair_entry_orc_guard_hut, uniq_joseph

Skill      XL: |  1  2  3  4  5  6  7  8  9 |
---------------+----------------------------+-----
Long Blades    | 4 5 7 8 10 | 10.0
Invocations    | 1 2 6 |  6.4
Fighting       | 4 7 |  7.4
Dodging        | |  3.0
Stealth        | |  2.0

Action                   |  1- 3 |  4- 6 |  7- 9 | 10-12 || total
-------------------------+-------+-------+-------+-------++-------
Melee: Falchion          |    87 |   220 |    73 |       ||   380
       Punch             |     1 |       |     8 |       ||     9
       Long sword        |       |       |   242 |     2 ||   244
Throw: Dart              |       |       |     8 |       ||     8
Invok: Grow Ballistomyce |       |     1 |     1 |       ||     2
       Wall of Briars    |       |     1 |       |     1 ||     2
Evoke: Wand              |       |       |     5 |       ||     5
  Use: Scroll            |     2 |       |     1 |       ||     3
       Potion            |       |     3 |     5 |     3 ||    11
 Stab: Sleeping          |       |     4 |       |       ||     4
       Distracted        |       |       |     1 |       ||     1
Armor: Robe              |     3 |       |       |       ||     3
       Leather armour    |    14 |       |       |       ||    14
       Ring mail         |    25 |    76 |    97 |     1 ||   199
       Skin              |       |     5 |    18 |       ||    23
Dodge: Dodged            |    56 |   140 |   193 |     1 ||   390
Block: Other             |       |       |    24 |       ||    24
       Reflection        |       |       |     2 |       ||     2

Table legend: (Time is in decaauts)
 A = Elapsed time spent in this place.
 B = Non-inter-level travel time spent in this place.
 C = Inter-level travel time spent in this place.
 D = Time resting spent in this place.
 E = Time spent auto-exploring this place.
 F = Levels seen in this place.
 G = Mean time per level.
                   A        B        C        D        E       F      G
               +--------+--------+--------+--------+--------+-----+--------+
         Total |  10131 |   9820 |    311 |   1099 |   7140 |   8 | 1266.4 |
       Dungeon |  10131 |   9820 |    311 |   1099 |   7140 |   8 | 1266.4 |
               +--------+--------+--------+--------+--------+-----+--------+

Top non-repeatable levels by time:
     D:2: 2071 daAuts
     D:5: 1656 daAuts
     D:7: 1587 daAuts
     D:6: 1570 daAuts
     D:3: 1245 daAuts
     D:4: 1234 daAuts
     D:1: 751 daAuts
     D:8: 13 daAuts
